 Dungeon Crawl Stone Soup version 0.29-a0-330-g52719c12eb (webtiles) character file.

Game seed: 16755131621858388844

413 Anon1729 the Skirmisher (level 6, 0/49 HPs)
             Began as a Mummy Monk on May 15, 2022.
             Was a High Priest of Jiyva.
             Slain by an iguana (7 damage)
             ... on level 5 of the Dungeon.
             The game lasted 00:06:21 (3879 turns).

Anon1729 the Skirmisher (Mummy Monk)                Turns: 3879, Time: 00:06:22

Health: 0/49       AC:  6    Str: 15    XL:     6   Next: 59%
Magic:  6/6        EV: 13    Int: 11    God:    Jiyva [*****.]
Gold:   70         SH:  0    Dex: 14    Spells: 5/5 levels left

rFire   x . .      SeeInvis .   a - +0 short sword
rCold   + + +      Faith    .   (no shield)
rNeg    + + +      Spirit   .   m - +2 leather armour {rC+}
rPois   ∞          Reflect  .   d - +0 helmet
rElec   .          Harm     .   (no cloak)
rCorr   +          Rampage  .   (no gloves)
Will    .....                   (no boots)
Stlth   ++........              (no amulet)
HPRegen 1.60/turn               h - ring of protection from cold
MPRegen 0.55/turn               (no ring)

@: no status effects
A: cold resistance 1, negative energy resistance 3, torment resistance 2, heat
vulnerability 1, in touch with death 1, no potions
a: Renounce Religion, Oozemancy, Slimify


You were on level 5 of the Dungeon.
You worshipped Jiyva.
Jiyva was extremely pleased with you.
You visited 1 branch of the dungeon, and saw 5 of its levels.

You collected 70 gold pieces.

Inventory:

Hand Weapons
 a - a +0 short sword (weapon)
 l - a +0 great sword
Missiles
 c - a poisoned dart (quivered)
 k - 6 boomerangs
 n - 3 atropa-tipped darts
Armour
 b - a +0 robe
 d - a +0 helmet (worn)
 g - a +0 plate armour
 j - an orb of energy
 m - a +2 leather armour of cold resistance (worn)
Jewellery
 h - a ring of protection from cold (left hand)
Wands
 o - a wand of flame (11)
Scrolls
 e - a scroll of identify {unknown}
 f - 3 scrolls of noise {unknown}
 i - 3 scrolls of torment {unknown}


   Skills:
 + Level 4.5 Fighting
 + Level 3.6 Short Blades
 + Level 3.7 Dodging
 + Level 3.4 Stealth


You had 5 spell levels left.
You didn't know any spells.
Your spell library contained the following spells:

 Spells                   Type           Power      Damage    Failure   Level
 Sting                    Tmut/Pois      0%         1d3       41%         1
 Poisonous Vapours        Pois/Air       0%         N/A       54%         2
 Gell's Gravitas          Tloc           0%         N/A       78%         3
 Lesser Beckoning         Tloc           0%         N/A       78%         3
 Teleport Other           Tloc           0%         N/A       78%         3
 Olgreb's Toxic Radiance  Pois           0%         N/A       99%         4


Dungeon Overview and Level Annotations

Branches:
Dungeon (5/15)
 Temple: D:4-7

Altars:
Gozag
Kikubaaqudgha
Jiyva

Annotations:
D:4 1 runed translucent door, Ajdolov's ghost, amateur DjEE


Innate Abilities, Weirdness & Mutations

You are immune to poison.
Your flesh is cold resistant. (rC+)
You are immune to negative energy. (rN+++)
You are immune to unholy pain and torment.
You are vulnerable to heat. (rF-)
You are in touch with the powers of death.
You do not drink.


Message History

The iguana is lightly wounded.
The iguana bites you but does no damage.
You hit the iguana.
The iguana is moderately wounded.
The iguana bites you!
You hit the iguana but do no damage.
The iguana is moderately wounded.
The iguana barely misses you.
You hit the iguana.
The iguana is moderately wounded.
The iguana bites you!
You hit the iguana but do no damage.
The iguana is moderately wounded.
The iguana bites you!
You hit the iguana but do no damage.
The iguana is moderately wounded.
The iguana misses you.
You hit the iguana.
The iguana is heavily wounded.
The iguana barely misses you.
You hit the iguana.
The iguana is heavily wounded.
The iguana barely misses you.
You hit the iguana.
The iguana is severely wounded.
The iguana bites you.
You hit the iguana but do no damage.
The iguana is severely wounded.
The iguana barely misses you.
You barely miss the iguana.
The iguana is severely wounded.
The iguana bites you!
You barely miss the iguana.
The iguana is severely wounded.
You hit the iguana.
The iguana is severely wounded.
The iguana bites you!
* * * LOW HITPOINT WARNING * * *
The iguana attacks as you move away! The iguana bites you!
You die...

#.## #.# .. ###... #.##....##
......# ..........
!.?...#######<##....#
#.........##.......#
#......##..#....#
##.###....##....####
#..##l.............
##<##@#..#..#####
#.†..#.###.##########
####...........(.....#
##....##!####.........#
########..#####.##########...#
#............##.#........# ###
###....#####....#.##..##.#
###...## ####.#.#♣..♣#.#
###)..#.### ####.'........#


You could see an iguana.

Vanquished Creatures
  A phantom (D:4)
  A scorpion (D:5)
  An iguana (D:5)
  2 orc wizards
  Robin (D:2)
  6 adders
  3 gnolls (D:5)
  A shadow imp (D:5)
  2 worms (D:3)
  4 dart slugs
  9 orcs
  An endoplasm (D:1)
  A giant cockroach (D:2)
  8 goblins
  9 hobgoblins
  3 jackals (D:2)
  7 kobolds
  4 quokkas
  8 ball pythons
  5 bats
  7 frilled lizards
  5 rats
89 creatures vanquished.

Vanquished Creatures (others)
  An iguana (D:4)
  An adder (D:3)
  2 worms (D:2)
  2 endoplasms
  2 orcs (D:3)
  3 bats (D:2)
  2 goblins
  A quokka (D:4)
  A ball python (D:4)
  2 kobolds
  4 rats
21 creatures vanquished.

Grand Total: 110 creatures vanquished

Notes
Turn   | Place    | Note
-------+----------+-------------------------------------------
     0 | D:1      | Anon1729 the Mummy Monk began the quest for the Orb.
     0 | D:1      | Reached XP level 1. HP: 18/18 MP: 1/1
   145 | D:1      | Reached XP level 2. HP: 21/24 MP: 2/2
   981 | D:1      | Found a faded altar of an unknown god.
  1058 | D:1      | Prayed at the altar of an unknown god.
  1058 | D:1      | Became a worshipper of Jiyva Jazouch the Shapeless
  1058 | D:1      | Reached * piety under Jiyva
  1058 | D:1      | Reached ** piety under Jiyva
  1287 | D:2      | Reached *** piety under Jiyva
  1355 | D:2      | Gained mutation: You are in touch with the powers of death.
                  | [Mummy growth]
  1355 | D:2      | Reached XP level 3. HP: 28/29 MP: 3/3
  1364 | D:2      | Noticed Robin
  1414 | D:2      | Killed Robin
  1626 | D:2      | Reached XP level 4. HP: 35/35 MP: 4/4
  1666 | D:2      | Found an ancient bone altar of Kikubaaqudgha.
  2089 | D:3      | Reached **** piety under Jiyva
  2309 | D:3      | Found an opulent altar of Gozag.
  2487 | D:3      | Reached XP level 5. HP: 14/42 MP: 5/5
  2843 | D:4      | Reached skill level 4 in Fighting
  2960 | D:4      | Reached ***** piety under Jiyva
  3117 | D:4      | Found a runed translucent door.
  3118 | D:4      | Noticed Ajdolov's ghost (amateur DjEE)
  3533 | D:5      | Entered Level 5 of the Dungeon
  3597 | D:5      | Noticed a phantom
  3656 | D:4      | Killed a phantom
  3657 | D:4      | Reached XP level 6. HP: 48/48 MP: 6/6
  3879 | D:5      | Slain by an iguana

Illustrated notes

Levels and vault maps discovered:
D:1:      psy_arrival_whirlpool, layout_rooms,
          dreamdust_ecumenical_altar_statues
D:2:      layout_loops_ring, basic_altar, uniq_robin
D:3:      layout_loops_cross, grunt_gozag_breadcrumbs, grunt_ministairs_15
D:4:      layout_gridville, ebering_ghost_inner_flame
D:5:      layout_rooms, serial_shops, nicolae_shop_hallway_plus,
          kennysheep_generic_room_5

Skill      XL: |  1  2  3  4  5 |
---------------+----------------+-----
Stealth        | 2 3 |  3.4
Dodging        | 3 |  3.7
Short Blades   | 3 |  3.6
Fighting       | 4 |  4.5

Action                   |  1- 3 |  4- 6 || total
-------------------------+-------+-------++-------
Melee: Short sword       |   198 |   302 ||   500
       Punch             |     4 |     2 ||     6
Throw: Dart              |     1 |    22 ||    23
       Boomerang         |       |     4 ||     4
 Stab: Sleeping          |     3 |     6 ||     9
Armor: Robe              |    55 |    15 ||    70
       Leather armour    |       |    37 ||    37
Dodge: Dodged            |   157 |   186 ||   343

Table legend: (Time is in decaauts)
 A = Elapsed time spent in this place.
 B = Non-inter-level travel time spent in this place.
 C = Inter-level travel time spent in this place.
 D = Time resting spent in this place.
 E = Time spent auto-exploring this place.
 F = Levels seen in this place.
 G = Mean time per level.
                   A        B        C        D        E       F      G
               +--------+--------+--------+--------+--------+-----+--------+
         Total |   3860 |   3667 |    193 |    697 |   1953 |   5 |  772.0 |
       Dungeon |   3860 |   3667 |    193 |    697 |   1953 |   5 |  772.0 |
               +--------+--------+--------+--------+--------+-----+--------+

Top non-repeatable levels by time:
     D:1: 1243 daAuts
     D:4: 888 daAuts
     D:3: 724 daAuts
     D:2: 720 daAuts
     D:5: 283 daAuts
